 Dungeon Crawl Stone Soup version 0.24.0-1-gfbc8707122 (webtiles) character file.

Game seed: 16030672084936396236, levelgen mode: deterministic

880 MTVSty1e the Chopper (level 8, -1/52 HPs)
             Began as a Gargoyle Fighter on Oct 28, 2019.
             Slain by Duvessa
             ... wielding a +0 short sword
              (8 damage)
             ... on level 5 of the Dungeon.
             The game lasted 00:06:02 (4835 turns).

MTVSty1e the Chopper (Gargoyle Fighter)             Turns: 4835, Time: 00:06:03

Health: -1/52      AC: 20    Str: 22    XL:     8   Next: 5%
Magic:  8/8        EV:  4    Int:  9    God:
Gold:   184        SH:  9    Dex:  9    Spells: 7/7 levels left

rFire    + . .     SeeInvis .   a - +0 war axe
rCold    x . .     Gourm    .   c - +0 shield
rNeg     + . .     Faith    .   k - +0 plate armour
rPois    ∞         Spirit   .   q - +0 helmet
rElec    +         Reflect  .   w - +0 cloak
rCorr    .         Harm     .   (no gloves)
MR       .....                  y - +0 pair of boots
Stlth    ..........             (no amulet)
HPRegen  0.17/turn              i - ring of stealth
MPRegen  0.11/turn              u - ring of fire

@: no status effects
A: negative energy resistance 1, electricity resistance, unbreathing,
petrification resistance, rot immunity, AC +5
a: no special abilities


You were on level 5 of the Dungeon.
You were not hungry.

You visited 1 branch of the dungeon, and saw 5 of its levels.

You collected 184 gold pieces.

Inventory:

Hand Weapons
 a - a +0 war axe (weapon)
Armour
 c - a +0 shield (worn)
 k - a +0 plate armour (worn)
 q - a +0 helmet (worn)
 w - a +0 cloak (worn)
 y - a +0 pair of boots (worn)
Jewellery
 i - a ring of stealth (left hand)
 u - a ring of fire (right hand)
 v - an uncursed ring of flight
Wands
 o - a wand of random effects (17)
Scrolls
 b - a scroll of enchant armour {unknown}
 g - 7 scrolls of identify {unknown}
 m - 2 scrolls of amnesia {unknown}
 n - a scroll of remove curse {unknown}
 p - 2 scrolls of teleportation {unknown}
 r - 2 scrolls of magic mapping {unknown}
 x - a scroll of fog {unknown}
 A - a scroll of immolation {unknown}
Potions
 e - a potion of lignification {unknown}
 h - a potion of curing {unknown}
 j - 2 potions of flight {unknown}
 l - 2 potions of degeneration {unknown}
 s - a potion of ambrosia {unknown}
 t - a potion of magic {unknown}
Comestibles
 f - 8 rations
 z - a chunk of flesh


   Skills:
 + Level 6.4 Fighting
 * Level 6.8 Axes
 - Level 3.2 Armour
 - Level 3.2 Shields


You had 7 spell levels left.
You didn't know any spells.
Your spell library contained the following spells:

 Spells                   Type           Power        Failure   Level  Hunger
 Magic Dart               Conj           #...         100%        1    ##.....
 Searing Ray              Conj           #.....       100%        2    ###....
 Dazzling Spray           Conj/Hex       #.....       100%        3    ####...
 Force Lance              Conj/Tloc      #.......     100%        4    #####..
 Fulminant Prism          Conj/Hex       #.........   100%        4    #####..
 Iskenderun's Mystic Bla  Conj           #.......     100%        4    #####..


Dungeon Overview and Level Annotations

Branches:
Dungeon (5/15)
 Temple: D:4-7

Altars:
Fedhas
Sif Muna
Yredelemnul
Zin

Annotations:
D:4 2 transporters
D:5 Duvessa


Innate Abilities, Weirdness & Mutations

You are resistant to torment.
Your stone body is resilient. (AC +5)
You are immune to poison.
You resist negative energy. (rN+)
You are resistant to electric shocks. (rElec)
You can survive without breathing.
You are immune to petrification.
You are immune to rotting.


Message History

Duvessa hits you with a +0 short sword.
* * * LOW HITPOINT WARNING * * *
You hit Duvessa.
Duvessa is lightly wounded.
You block Duvessa's attack. Duvessa hits you but does no damage.
Your shield and plate armour prevent you from hitting Duvessa.
Duvessa is lightly wounded.
Duvessa hits you but does no damage.
You closely miss Duvessa.
Duvessa is lightly wounded.
You block Duvessa's attack. Duvessa hits you with a +0 short sword.
* * * LOW HITPOINT WARNING * * *
You closely miss Duvessa.
Duvessa is lightly wounded.
Duvessa hits you but does no damage. Duvessa hits you with a +0 short sword.
* * * LOW HITPOINT WARNING * * *
You hit Duvessa but do no damage.
Duvessa is lightly wounded.
Duvessa hits you with a +0 short sword!
You die...

####<..####..........###..##.#
..........<........#####.÷##.#
.......<.##.....#.## #.......#
######.#.##.....#..##..####..#
##....>.#........##....# #...
#.........####.......... #...
?..................#####..###..
......†....###.....# #......
..>........# #@....# ######.
?.........## #e....# #.
..........####....%###########.
...............................
......[.........####.#########.
.................#....#........
..(.......).####........
............!...........
...........####.........


You could see Duvessa (berserk).

Vanquished Creatures
  Prince Ribbit (D:5)
  An ogre (D:4)
  Blork the orc (D:5)
  Dowan (D:5)
  A scorpion (D:5)
  A bullfrog skeleton (D:4)
  A gnoll shaman (D:4)
  2 hounds
  3 orc wizards
  2 worker ants (D:4)
  4 gnolls (D:4)
  8 adders
  An adder skeleton (D:5)
  4 worms
  4 dart slugs
  A leopard gecko (D:3)
  5 orcs
  5 giant cockroaches
  6 goblins
  4 hobgoblins
  2 jackals (D:1)
  3 quokkas
  A ball python (D:1)
  8 bats
  3 frilled lizards
  7 kobolds
  5 rats
85 creatures vanquished.

Notes
Turn   | Place    | Note
-------+----------+-------------------------------------------
     0 | D:1      | MTVSty1e the Gargoyle Fighter began the quest for the Orb.
     0 | D:1      | Reached XP level 1. HP: 14/14 MP: 1/1
   112 | D:1      | Reached XP level 2. HP: 11/19 MP: 2/2
   409 | D:1      | Reached XP level 3. HP: 24/24 MP: 3/3
  1091 | D:2      | Found a faded altar of an unknown god.
  1243 | D:2      | Reached XP level 4. HP: 21/29 MP: 4/4
  2138 | D:2      | Reached XP level 5. HP: 34/34 MP: 5/5
  2174 | D:2      | Found a blossoming altar of Fedhas.
  2580 | D:3      | Found a glowing silver altar of Zin.
  2835 | D:4      | Noticed a hornet
  2836 | D:4      | Found a shimmering blue altar of Sif Muna.
  2838 | D:4      | Found a basalt altar of Yredelemnul.
  2841 | D:4      | Found a transporter.
  2974 | D:4      | Found a transporter.
  3037 | D:4      | Reached XP level 6. HP: 40/40 MP: 6/6
  3289 | D:4      | Reached skill level 5 in Fighting
  3302 | D:4      | Reached skill level 5 in Axes
  3928 | D:4      | Reached XP level 7. HP: 9/44 MP: 7/7
  4561 | D:5      | Entered Level 5 of the Dungeon
  4585 | D:5      | Noticed Blork the orc
  4585 | D:5      | Noticed Dowan
  4601 | D:5      | Killed Dowan
  4613 | D:5      | Killed Blork the orc
  4628 | D:5      | Noticed Prince Ribbit
  4794 | D:5      | Killed Prince Ribbit
  4794 | D:5      | Reached XP level 8. HP: 12/52 MP: 8/8
  4815 | D:5      | Noticed Duvessa
  4835 | D:5      | Slain by Duvessa

Levels and vault maps discovered:
D:1:      dpeg_arrival_brainrot, layout_loops_ring
D:2:      layout_loops_ring, first_ration, chequers_ecumenical_altar_lobes,
          minmay_misc_feat_ornament, fedhas_altar_fruit_tree
D:3:      layout_loops_ring, lemuel_crystal_altar
D:4:      layout_layer_cave, gammafunk_temple_overflow_arena,
          grunt_ministairs_4, st_stairs_7
D:5:      layout_rooms, doesnt_xom_only_xom, uniq_blork_the_orc, uniq_duvessa,
          uniq_prince_ribbit1

Skill      XL: |  1  2  3  4  5  6  7 |
---------------+----------------------+-----
Axes           | 2 3 4 5 6 |  6.8
Fighting       | 4 5 6 |  6.4
Armour         | |  3.2
Shields        | |  3.2

Action                   |  1- 3 |  4- 6 |  7- 9 || total
-------------------------+-------+-------+-------++-------
Melee: War axe           |   146 |   271 |    91 ||   508
  Use: Potion            |       |     1 |     1 ||     2
  Eat: Chunk             |     1 |     7 |     2 ||    10
       Ration            |       |     1 |       ||     1
Armor: Scale mail        |    36 |       |       ||    36
       Plate armour      |    88 |   229 |    65 ||   382
Dodge: Dodged            |    40 |    43 |    13 ||    96
Block: Shield            |   100 |   143 |    29 ||   272
